Map: Dusk Towers

Players

capac - Winner!

  • Race: Terran Terran
  • League: Gold

onelastjob

  • Race: Protoss Protoss
  • League: Gold

VOD

Have the link to the VOD?

Description

Time

  • Played on: Dec. 2, 2015, 3:30 p.m.
  • Length: 21:19
Show
View Real Time Build Order
Export as new Build Order

capac Terran - Winner!

Build Orders: MMM Bio 

Get SALT Encoding   

  12  0:00  SCV  
  13  0:13  SCV  
  14  0:18  Supply Depot  
  14  0:25  SCV  
  15  0:39  SCV  
  15  0:40  Barracks  
  16  0:45  Refinery  
  16  0:51  SCV  
  17  1:03  SCV  
  18  1:15  SCV  
  19  1:30  Supply Depot  
  19  1:31  Orbital Command  
  19  1:35  Barracks Reactor  
  19  1:56  Command Center  
  19  2:00  SCV  
  20  2:13  Marine x2, SCV  
  23  2:19  Factory  
  22  2:25  SCV  
  23  2:31  Marine x2  
  25  2:38  SCV  
  26  2:49  Refinery, Marine  
  26  2:50  Marine  
  28  3:08  Command Center  
  28  3:12  Marine  
  28  3:13  Marine  
  28  3:17  Factory Tech Lab  
  30  3:22  SCV  
  30  3:23  Starport  
  30  3:26  Orbital Command  
  31  3:34  Marine x2, SCV  
  34  3:41  Siege Tank  
  37  3:48  SCV  
  37  3:52  Marine x2  
  37  3:55  SCV  
  41  4:04  Supply Depot  
  41  4:06  Medivac  
  43  4:22  Barracks  
  43  4:27  Barracks  
  43  4:28  SCV x2  
  43  4:29  Marine x2  
  47  4:32  Orbital Command  
  47  4:41  Engineering Bay  
  47  4:45  Engineering Bay  
  47  4:48  SCV x2  
  49  4:55  Marine x2  
  49  4:59  Siege Tank  
  54  5:01  SCV  
  54  5:04  SCV x2  
  57  5:17  Barracks Tech Lab  
  57  5:18  Missile Turret  
  57  5:19  Barracks Reactor  
  57  5:22  Barracks  
  57  5:28  Barracks  
  57  5:31  SCV  
  57  5:32  SCV x2  
  60  5:37  Refinery, Marine  
  60  5:38  Refinery  
  60  5:41  Stimpack  
  61  5:47  Supply Depot  
  61  5:49  Supply Depot  
  61  5:54  Siege Tank  
  61  5:55  Starport Reactor  
  64  5:58  SCV  
  64  5:59  SCV  
  64  6:00  SCV  
  67  6:12  Supply Depot  
  67  6:14  Terran Infantry Weapons Level 1, Terran Infantry Armor Level 1  
  67  6:18  Barracks Tech Lab  
  67  6:20  Barracks Reactor  
  67  6:23  Barracks  
  67  6:29  Siege Tank  
  70  6:35  Missile Turret  
  70  6:36  SCV  
  70  6:37  SCV  
  70  6:39  Supply Depot  
  72  6:42  Combat Shields  
  72  6:49  SCV  
  72  6:52  SCV x2  
  75  6:55  Missile Turret  
  75  6:59  Marine x5  
  80  7:11  Orbital Command  
  80  7:18  Marine x4  
  80  7:19  Marine x2  
  80  7:22  Barracks Tech Lab  
  86  7:34  Medivac x2  
  81  7:50  SCV x3  
  72  8:02  SCV x3  
  75  8:08  Marine x4  
  75  8:09  Marauder, Marine x2  
  75  8:10  Marauder x2  
  87  8:14  SCV  
  87  8:17  Supply Depot  
  88  8:20  SCV x2  
  88  8:26  SCV  
  91  8:31  Marauder  
  91  8:32  SCV x2  
  95  8:34  Medivac  
  95  8:35  Medivac  
  99  8:42  Supply Depot, SCV  
  99  8:44  SCV x2  
  102  8:50  Starport  
  102  8:54  SCV  
  103  8:56  Starport, Factory, SCV  
  103  8:57  Marauder  
  103  8:58  Marauder  
  108  9:04  Marauder  
  108  9:09  Armory  
  110  9:22  Missile Turret  
  110  9:25  SCV  
  110  9:26  SCV x2  
  110  9:27  Missile Turret  
  110  9:29  Siege Tank  
  116  9:40  SCV x3  
  116  9:43  Starport Reactor, Factory Tech Lab  
  116  9:44  Starport Reactor  
  119  9:50  Marine x2  
  119  9:51  Marine x4  
  127  10:04  Viking x2  
  131  10:08  Marauder x3  
  135  10:24  Supply Depot  
  135  10:26  Supply Depot  
  135  10:28  Supply Depot  
  135  10:29  Marauder x3  
  135  10:30  SCV x3  
  144  10:42  SCV x3  
  147  10:43  Marine x2  
  147  10:46  Marine x4  
  153  10:50  Marauder  
  153  10:52  Supply Depot x2  
  153  10:54  SCV  
  156  11:15  Command Center  
  155  11:22  Missile Turret  
  154  11:28  Siege Tank x2  
  157  11:38  SCV x3  
  155  12:00  Siege Tank  
  158  12:03  Medivac x3  
  158  12:06  Missile Turret  
  164  12:28  Marine x2  
  164  12:29  Marine x4  
  174  12:30  Marauder x3  
  176  12:40  Siege Tank x2  
  186  12:51  Marauder x2  
  91  14:20  Marine x2  
  91  14:21  Marine x6  
  91  14:22  Marine  
  100  14:32  Planetary Fortress  
  100  14:40  Marauder x3  
  100  14:41  Marine x5  
  100  14:42  Marine  
  100  14:43  Terran Infantry Weapons Level 2  
  100  14:44  Terran Infantry Armor Level 2  
  112  14:47  Terran Vehicle Weapons Level 1  
  112  14:59  Marine x6  
  117  15:01  Marauder x3  
  124  15:11  Refinery  
  124  15:12  SCV  
  124  15:13  Refinery, SCV x2  
  127  15:16  Marine  
  125  15:22  Marauder  
  125  15:23  Marauder  
  125  15:24  SCV  
  122  15:56  Marine x6  
  128  15:57  Marauder x3  
  134  16:07  Liberator x2  
  134  16:08  Liberator x4  
  134  16:13  Marine  
  134  16:14  Marine x5  
  140  16:18  Refinery, Marauder, Marine  
  140  16:19  Refinery, Marauder  
  160  16:30  Siege Tank x2  
  160  16:31  Marine x2  
  160  16:32  Marine x4  
  175  16:37  Marauder  
  175  16:38  Command Center  
  179  16:40  Marauder x2  
  181  16:49  Marine x3  
  181  16:50  Marine x3  
  187  16:58  Marauder  
  191  17:01  Marauder x2, Terran Infantry Weapons Level 3  
  191  17:02  Terran Infantry Armor Level 3  
  191  17:07  Marine x5  
  191  17:08  Marine  
  199  17:37  Command Center  
  198  18:15  Marine x3  
  155  18:39  Marine x6  
  155  18:40  Marauder, Marine x2  
  113  18:58  Marauder x2  
  113  19:02  Marauder, Marine x2  
  111  19:11  Marine x3  
  111  19:12  Marine  
  111  19:14  Siege Tank x2  
  121  19:19  Marine x2  
  121  19:23  Marauder  
  121  19:35  Marine x4  
  121  19:36  Marine x2  
  121  19:37  Marauder x2  
  130  19:44  Marine  
  131  19:46  Siege Tank  
  131  19:47  Siege Tank  
  137  19:53  Marine x5  
  137  19:54  Marine  
  137  19:59  Marauder x2  
  145  20:02  Marauder  
  147  20:19  Siege Tank  
  149  20:28  Marine x5  
  145  20:29  Marine x3  
  142  20:38  Marine  
  142  20:40  Medivac x3  
  142  20:46  Marine x5  
Show
View Real Time Build Order
Export as new Build Order

onelastjob Protoss 

Build Orders:  

Get SALT Encoding   

  12  0:01  Probe (Chrono Boost)  
  13  0:13  Pylon  
  13  0:18  Probe (Chrono Boost)  
  14  0:29  Probe (Chrono Boost)  
  14  0:35  Gateway  
  15  0:39  Probe (Chrono Boost)  
  16  0:43  Assimilator  
  16  0:55  Pylon  
  16  0:56  Probe (Chrono Boost)  
  17  1:07  Probe (Chrono Boost)  
  18  1:17  Probe (Chrono Boost)  
  19  1:22  Cybernetics Core  
  19  1:25  Zealot  
  21  1:28  Probe (Chrono Boost)  
  22  1:38  Probe (Chrono Boost), Assimilator  
  23  1:49  Probe (Chrono Boost)  
  24  1:59  Probe (Chrono Boost)  
  25  2:03  Stalker (Chrono Boost)  
  25  2:05  Warp Gate  
  27  2:10  Probe  
  29  2:22  Probe  
  29  2:30  Stalker (Chrono Boost)  
  31  2:38  Nexus  
  31  2:56  Pylon  
  31  3:14  Probe  
  31  3:17  Stalker (Chrono Boost), Robotics Facility  
  34  3:25  Pylon  
  34  3:26  Probe  
  35  3:36  Pylon  
  35  3:38  Probe  
  36  3:46  Sentry (Chrono Boost)  
  38  3:48  Gateway  
  38  3:49  Mothership Core  
  38  3:50  Probe  
  41  4:03  Probe, Assimilator  
  41  4:04  Pylon  
  41  4:06  Observer (Chrono Boost)  
  43  4:23  Stalker, Gateway  
  45  4:32  Observer (Chrono Boost)  
  46  4:43  Probe  
  47  4:49  Probe  
  47  4:52  Nexus  
  48  4:55  Probe  
  48  4:56  Pylon  
  48  4:59  Observer (Chrono Boost)  
  50  5:02  Stalker  
  50  5:05  Stalker  
  54  5:08  Probe  
  55  5:15  Probe  
  55  5:20  Probe, Assimilator  
  57  5:25  Probe  
  58  5:32  Probe  
  59  5:36  Probe  
  59  5:39  Warp Prism (Chrono Boost)  
  59  5:42  Sentry x3  
  68  5:50  Probe  
  68  5:52  Probe  
  70  6:02  Forge  
  70  6:04  Probe  
  71  6:05  Probe x2  
  71  6:07  Pylon  
  73  6:38  Zealot x3  
  79  6:40  Protoss Ground Armor Level 1 (Chrono Boost)  
  79  6:45  Twilight Council, Gateway  
  79  6:49  Immortal  
  83  6:57  Probe, Pylon  
  83  6:58  Probe  
  83  7:00  Assimilator  
  85  7:05  Zealot  
  85  7:06  Zealot x2  
  91  7:10  Probe x2  
  91  7:11  Probe  
  94  7:37  Zealot x3  
  94  7:56  Warp Prism  
  94  8:01  Probe, Zealot x2  
  94  8:02  Zealot  
  94  8:03  Probe  
  96  8:11  Gateway  
  96  8:12  Charge, Gateway  
  96  8:13  Pylon  
  96  8:18  Probe  
  96  8:19  Probe  
  96  8:20  Probe, Forge  
  96  8:23  Protoss Ground Weapons Level 1 (Chrono Boost), Pylon  
  96  8:25  Pylon  
  99  8:29  Probe x2  
  101  8:35  Photon Cannon  
  101  8:36  Photon Cannon  
  101  8:38  Templar Archives  
  101  8:40  Probe x2  
  101  8:41  Probe  
  102  8:47  Assimilator  
  104  8:55  Immortal  
  108  9:07  Protoss Ground Armor Level 2 (Chrono Boost)  
  108  9:12  Psionic Storm  
  108  9:20  High Templar x3  
  108  9:21  High Templar  
  116  9:25  Stalker x2  
  116  9:30  Probe x2  
  120  9:31  Probe  
  120  9:35  Photon Cannon  
  123  9:40  Immortal  
  123  9:43  Pylon  
  127  9:48  Probe x2  
  127  9:49  Probe, Dark Shrine  
  127  9:51  Pylon  
  130  10:05  Probe x2  
  132  10:13  Zealot x4  
  138  10:15  High Templar  
  138  10:17  Zealot  
  138  10:21  Gateway  
  142  10:22  Gateway  
  142  10:23  Immortal  
  146  10:34  Zealot x2  
  150  10:56  Nexus  
  150  11:11  Pylon  
  150  11:15  Pylon  
  150  11:19  Dark Templar x2  
  150  11:25  Protoss Shields Level 1  
  150  11:32  Probe x2  
  150  11:38  Protoss Ground Armor Level 3  
  150  11:46  Robotics Bay  
  146  11:56  Photon Cannon x2  
  146  11:59  Pylon  
  146  12:00  Probe x2  
  148  12:05  Assimilator  
  148  12:11  Pylon, Assimilator  
  148  12:12  Pylon  
  148  12:15  Warp Prism, Pylon  
  148  12:34  Gravitic Drive  
  148  12:42  Robotics Facility  
  148  12:52  Immortal  
  152  13:11  Photon Cannon  
  152  13:14  Photon Cannon  
  151  13:23  Nexus  
  151  13:29  Stalker x2  
  151  13:30  Disruptor, Stalker  
  151  13:31  Zealot, Observer Gravitic Boosters  
  151  13:32  Zealot  
  112  14:03  Zealot  
  112  14:04  Zealot x5  
  112  14:06  Disruptor, Zealot x2  
  119  14:38  Immortal  
  119  14:41  Dark Templar x3  
  119  14:42  Disruptor, Zealot  
  130  14:45  Probe  
  130  14:47  Probe  
  132  15:01  High Templar x2  
  132  15:02  Zealot x3  
  142  15:23  Dark Templar x2  
  142  15:25  Zealot x3  
  144  15:47  Zealot  
  144  15:48  Zealot x3  
  144  15:49  Zealot x2  
  152  15:56  Protoss Ground Weapons Level 2  
  144  15:57  Gateway  
  144  15:59  Gateway  
  144  16:01  Gateway  
  144  16:03  Photon Cannon, Pylon  
  144  16:05  Pylon  
  144  16:06  Photon Cannon  
  144  16:08  Assimilator  
  144  16:10  Photon Cannon, Immortal x2  
  152  16:12  Photon Cannon, Assimilator, Protoss Shields Level 2  
  152  16:32  Photon Cannon  
  152  16:35  Photon Cannon  
  152  16:41  Dark Templar x4  
  152  16:45  Stalker x2  
  164  16:49  Immortal x2  
  170  17:02  Sentry x2  
  170  17:03  Sentry  
  176  17:15  Probe  
  176  17:16  Probe  
  178  17:29  Immortal x2  
  186  17:45  Blink  
  186  17:57  Gateway  
  186  17:59  Gateway  
  186  18:02  Gateway  
  186  18:26  Archon  
  186  18:27  Archon x2  
  105  18:46  Zealot  
  105  18:47  Zealot x4  
  105  18:48  Zealot x3  
  85  18:59  Zealot  
  85  19:00  Zealot x2  
  72  19:15  High Templar x2  
  72  19:16  High Templar x2  
  80  19:18  Zealot x3  
  80  19:20  Immortal x2  
  92  19:32  Zealot x3  
  92  19:33  Zealot  
  96  19:51  Stargate  
  96  19:54  Stargate  
  94  20:03  Immortal x2  
  94  20:04  Stalker  
  104  20:07  Dark Templar x3  
  104  20:08  Stalker  
  104  20:09  Stalker x2  
  116  20:20  Nexus  
  116  20:24  Zealot x4  
  116  20:25  Zealot  
Tags
 
Composition
MMM Bio
League
GoldGold
Matchup
PvT
Add a new tag
Caveats
  • Supply blocks, unpowered buildings, or Contaminate may cause inaccurate times.
  • Supply counts are checked every 10 seconds.